 Dungeon Crawl Stone Soup version 0.29.1-15-g9cfb28693d (webtiles) character file.

Game seed: 13555380661209334479

43 newSummerboy the Chopper (level 3, -2/34 HPs)
             Began as a Minotaur Berserker on Apr 17, 2023.
             Was a Believer of Trog.
             Succumbed to Terence's poison
             ... on level 2 of the Dungeon.
             The game lasted 00:10:05 (1134 turns).

newSummerboy the Chopper (Minotaur Berserker)       Turns: 1134, Time: 00:10:05

Health: -2/34      AC:  8    Str: 23    XL:     3   Next: 37%
Magic:  2/2        EV:  8    Int:  4    God:    Trog [**....]
Gold:   54         SH:  0    Dex:  9    Spells: 2/2 levels left

rFire   . . .      SeeInvis .   a - +0 hand axe
rCold   . . .      Faith    .   (no shield)
rNeg    . . .      Spirit   .   j - +0 chain mail
rPois   .          Reflect  .   (helmet restricted)
rElec   .          Harm     .   (no cloak)
rCorr   .          Rampage  .   (no gloves)
Will    ++...                   (no boots)
Stlth   ..........              (no amulet)
HPRegen 1.11/turn               (no ring)
MPRegen 0.08/turn               (no ring)

@: lethally poisoned (-2 -> -16), strong-willed, regenerating
A: horns 2, retaliatory headbutt
a: Renounce Religion, Berserk, Trog's Hand


You were on level 2 of the Dungeon.
You worshipped Trog.
Trog was pleased with you.
You visited 1 branch of the dungeon, and saw 2 of its levels.

You collected 54 gold pieces.

Inventory:

Hand Weapons
 a - a +0 hand axe (weapon)
 i - a +0 broad axe
Armour
 b - a +0 animal skin
 j - a +0 chain mail (worn)
 k - a +0 ring mail
Scrolls
 d - a scroll of enchant armour {unknown}
 f - a scroll of magic mapping {unknown}
 g - 2 scrolls of brand weapon {unknown}
 h - a scroll of fear {unknown}
Potions
 c - a potion of curing {unknown}
 e - 2 potions of heal wounds {unknown}


   Skills:
 + Level 4.3 Fighting
 + Level 4.3 Axes
 + Level 2.6 Armour
 - Level 2.8 Dodging


You had 2 spell levels left.
You didn't know any spells.
Your spell library was empty.

Dungeon Overview and Level Annotations

Branches:
Dungeon (2/15)

Altars:

Annotations:
D:2 Terence


Innate Abilities, Weirdness & Mutations

You have a pair of horns on your head.
You reflexively headbutt those who attack you in melee.


Message History

Item here: a +0 leather armour.
The floor.
You now have 54 gold pieces (gained 13).
A worm comes into view.
You hit the worm. You headbutt the worm.
The worm is moderately wounded.
The worm barely misses you.
You slash the worm!
The worm is severely wounded.
You hit the worm.
The worm is severely wounded.
The worm closely misses you.
You hit the worm but do no damage. Your headbutt misses the worm.
The worm is severely wounded.
The worm misses you.
You slash the worm!
You kill the worm!
Trog accepts your kill.
Terence the Incautious comes into view.
He is wielding a +6 trident of venom.
Found 5 gold pieces.
Terence shouts!
Terence hits you from afar with a +6 trident of venom.
Terence hits you with a +6 trident of venom!
You are poisoned.
You closely miss Terence. You headbutt Terence!
Terence is heavily wounded.
You feel very sick. Terence barely misses you.
Terence hits you with a +6 trident of venom.
Your skin crawls.
You feel strong-willed.
You feel very sick.
Terence hits you with a +6 trident of venom!
* * * LOW HITPOINT WARNING * * *
You are more poisoned.
You are too injured to fight recklessly!
You are too injured to fight recklessly!
You hit Terence. You headbutt Terence.
Terence is almost dead.
You die...

#.# #.# #.# #.
#####.## ...
##......## ....
##........## #.$.#
#..........# #.....
#..........#
#####...#
#..........###..@@..#
#..........##..#..###
#.............##..#
##..........####.##
#.......[..## #.#
#..........# ###
#..........#
#..........#
#....).....#


You could see Terence.

Vanquished Creatures
  A worm (D:2)
  2 ball pythons
  9 endoplasms (D:1)
  A giant cockroach (D:1)
  4 goblins (D:1)
  A hobgoblin (D:1)
  4 jackals (D:1)
  A kobold (D:2)
  6 bats (D:1)
  4 frilled lizards (D:1)
  3 rats (D:1)
36 creatures vanquished.

Notes
Turn   | Place    | Note
-------+----------+-------------------------------------------
     0 | D:1      | newSummerboy the Minotaur Berserker began the quest for the
                  | Orb.
     0 | D:1      | Reached XP level 1. HP: 19/19 MP: 0/0
   293 | D:1      | Reached XP level 2. HP: 26/27 MP: 1/1
   596 | D:1      | Reached ** piety under Trog
   727 | D:1      | Reached XP level 3. HP: 33/33 MP: 2/2
  1128 | D:2      | Noticed Terence
  1134 | D:2      | Succumbed to Terence's poison

Illustrated notes

Levels and vault maps discovered:
D:1:      psy_arrival_heroes, layout_basic, palyth_stone_intersect
D:2:      layout_rooms, serial_shops, nicolae_shop_hallway_stairs, uniq_terence

Skill      XL: |  1  2 |
---------------+-------+-----
Fighting       | 4 |  4.3
Axes           | 4 |  4.3
Armour         | |  2.6
Dodging        | |  2.8

Action                   || total
-------------------------++-------
Melee: Hand axe          ||    71
       Headbutt          ||    14
Invok: Trog's Hand       ||     1
Armor: Animal skin       ||     6
       Chain mail        ||     6
Dodge: Dodged            ||    33
